 Dungeon Crawl Stone Soup version 0.31-a0-986-g5e6e4ef867 (webtiles) character file.

Game seed: 6330972866433151946

367 Persephone the Slasher (level 6, -1/69 (75) HPs)
             Began as a Merfolk Berserker on Nov 7, 2023.
             Was a Believer of Trog.
             Slain by a gnoll
             ... wielding a +0 club
              (5 damage)
             ... on level 3 of the Dungeon.
             The game lasted 00:02:34 (2391 turns).

Persephone the Slasher (Merfolk Berserker)          Turns: 2391, Time: 00:02:35

HP:   -1/69 (75)    AC:  3    Str: 18    XL:     6   Next: 69%
MP:   6/6           EV: 14    Int:  6    God:    Trog [**....]
Gold: 81            SH:  0    Dex: 15    Spells: 5/5 levels left

rFire   + . .        a - +0 falchion
rCold   . . .        (no shield)
rNeg    + . .        o - +0 leather armour
rPois   .            (no helmet)
rElec   .            (no cloak)
rCorr   .            (no gloves)
SInv    .            (no boots)
Will    .....        (no amulet) Stlth
                     f - ring of protection from fire
HPRegen 0.31/turn    r - ring of positive energy
MPRegen 0.10/turn

%: no passive effects
@: berserking, lethally poisoned (-1 -> -6), drained, very quick
A: (nimble swimmer 2), mertail
a: Renounce Religion, Berserk, Trog's Hand


You were on level 3 of the Dungeon.
You worshipped Trog.
Trog was pleased with you.
You visited 1 branch of the dungeon, and saw 3 of its levels.

You collected 81 gold pieces.

Inventory:

Hand Weapons
 a - a +0 falchion (weapon)
Armour
 b - a +0 animal skin
 o - a +0 leather armour (worn)
Jewellery
 f - a ring of protection from fire (left hand)
 r - a ring of positive energy (right hand)
Scrolls
 c - a scroll of enchant weapon {unknown}
 d - a scroll of fog {unknown}
 g - 3 scrolls of identify {unknown}
 i - a scroll of immolation {unknown}
 k - a scroll of noise {unknown}
 l - a scroll of blinking {unknown}
 n - a scroll of vulnerability {unknown}
 q - a scroll of revelation {unknown}
Potions
 e - a potion of lignification {unknown}
 h - a potion of enlightenment {unknown}
 j - a potion of attraction {unknown}
 m - a potion of curing {unknown}
 p - a potion of resistance {unknown}


   Skills:
 + Level 4.8 Fighting
 * Level 6.7 Long Blades
 - Level 1.3 Armour
 + Level 5.0 Dodging


You had 5 spell levels left.
You didn't know any spells.
Your spell library was empty.

Dungeon Overview and Level Annotations

Branches:
Dungeon (3/15)

Altars:


Innate Abilities, Weirdness & Mutations

((You are very nimble when in or above water. (Stealth+, EV+, Speed+++)))
Your lower body shifts to a powerful aquatic tail in water.


Message History

You barely miss the gnoll. The gnoll barely misses you.
The gnoll hits you from afar with a +0 halberd!
The gnoll hits you with a +0 halberd! The gnoll closely misses you.
The gnoll hits you with a +0 halberd.
You closely miss the gnoll. You closely miss the gnoll.
The adder closely misses you. The gnoll hits you with a +0 club.
The gnoll hits you with a +0 halberd! The gnoll barely misses you.
You barely miss the gnoll. The adder bites you.
You are poisoned.
The adder poisons you! The gnoll hits you with a +0 club!
* * * LOW HITPOINT WARNING * * *
The gnoll barely misses you. The gnoll closely misses you.
You hit the gnoll.
The gnoll is lightly wounded.
You feel sick. The adder bites you.
* * * LOW HITPOINT WARNING * * *
You are more poisoned.
The adder poisons you!
You hit the gnoll.
The gnoll is heavily wounded.
You feel sick. The gnoll hits you with a +0 club.
* * * LOW HITPOINT WARNING * * *
The gnoll misses you. The gnoll barely misses you. The adder barely misses you.
You are too berserk!
You slash the gnoll!
You kill the gnoll!
Trog accepts your kill.
* * * LOW HITPOINT WARNING * * *
You feel sick.
The gnoll misses you. x2; The adder misses you.
You slash the gnoll!
The gnoll is almost dead.
* * * LOW HITPOINT WARNING * * *
You feel sick.
You hit the gnoll.
You kill the gnoll!
Trog accepts your kill.
* * * LOW HITPOINT WARNING * * *
You feel sick. The adder closely misses you. The gnoll hits you with a +0 club.
You die...

#########
#.......#
#.#####.#
#####.#####.#
#........##.#
###.###.##.##.#
#...#
#.##.##.########
..###
#.........@)...#
###
###......gS)...#
#.......J....#
#...~....~...#
..............#
#.##....~~.....#
#.......~~.....#
# #.............


You could see a gnoll, an adder and an endoplasm.

Vanquished Creatures
  Sigmund (D:2)
  A vampire bat (D:3)
  An orc wizard (D:3)
  2 gnolls (D:3)
  9 bats (D:3)
  2 worms (D:3)
  A dart slug (D:1)
  3 fire bats (D:3)
  3 orcs (D:3)
  2 spectral bats (D:3)
  3 bat skeletons (D:3)
  A bat zombie (D:3)
  4 endoplasms
  A giant cockroach (D:1)
  A goblin (D:1)
  5 hobgoblins
  A quokka (D:2)
  5 ball pythons
  A bat simulacrum (D:3)
  2 frilled lizards (D:1)
  2 kobolds (D:2)
  6 rats
57 creatures vanquished.

Notes
Turn   | Place    | Note
-------+----------+-------------------------------------------
     0 | D:1      | Persephone the Merfolk Berserker began the quest for the
                  | Orb.
     0 | D:1      | Reached XP level 1. HP: 18/18 MP: 1/1
   273 | D:1      | Reached XP level 2. HP: 24/24 MP: 2/2
   321 | D:1      | Reached skill level 4 in Long Blades
  1120 | D:2      | Reached XP level 3. HP: 26/29 MP: 3/3
  1542 | D:2      | Noticed Sigmund
  1555 | D:2      | Killed Sigmund
  1556 | D:2      | Reached skill level 5 in Long Blades
  1556 | D:2      | Reached XP level 4. HP: 25/38 MP: 4/4
  1556 | D:2      | Reached XP level 5. HP: 28/43 MP: 5/5
  1935 | D:3      | Reached skill level 6 in Long Blades
  1968 | D:3      | Reached ** piety under Trog
  1969 | D:3      | Reached XP level 6. HP: 46/49 MP: 6/6
  2209 | D:3      | Reached skill level 5 in Dodging
  2391 | D:3      | Slain by a gnoll

Illustrated notes

Levels and vault maps discovered:
D:1:      lightli_arrival_isolated_outpost, layout_basic, st_stairs_7
D:2:      layout_basic, uniq_sigmund
D:3:      layout_loops_cross, grunt_temple_overflow_champion_of_chaos,
          skrybe_limestone_x, goddamned_bats

Skill      XL: |  1  2  3  4  5  6 |
---------------+-------------------+-----
Long Blades    | 4 5 6 |  6.7
Dodging        | 3 4 5 |  5.0
Fighting       | 4 |  4.8
Armour         | |  1.3

Action                     |  1- 3 |  4- 6 || total
---------------------------+-------+-------++-------
  Melee: Falchion          |    83 |   130 ||   213
         Punch             |       |     1 ||     1
 Invoke: Berserk           |     1 |     2 ||     3
   Stab: Sleeping          |     3 |       ||     3
 Armour: Animal skin       |    23 |       ||    23
         Leather armour    |     5 |   171 ||   176
  Dodge: Dodged            |    46 |   212 ||   258

Table legend: (Time is in decaauts)
 A = Elapsed time spent in this place.
 B = Non-inter-level travel time spent in this place.
 C = Inter-level travel time spent in this place.
 D = Time resting spent in this place.
 E = Time spent auto-exploring this place.
 F = Levels seen in this place.
 G = Mean time per level.
                   A        B        C        D        E       F      G
               +--------+--------+--------+--------+--------+-----+--------+
         Total |   2391 |   2303 |     88 |      0 |   1892 |   3 |  797.0 |
       Dungeon |   2391 |   2303 |     88 |      0 |   1892 |   3 |  797.0 |
               +--------+--------+--------+--------+--------+-----+--------+

Top non-repeatable levels by time:
     D:1: 1063 daAuts
     D:2: 825 daAuts
     D:3: 501 daAuts
